 Dungeon Crawl Stone Soup version 0.28-a0-479-g5baa6b73be (webtiles) character file.

Game seed: 13724174595784814456

2837 siradein the Covered (level 9, -14/57 HPs)
             Began as a Tengu Fighter on Sept 17, 2021.
             Was an Initiate of Gozag.
             Demolished by a two-headed ogre (16 damage)
             ... on level 6 of the Dungeon.
             The game lasted 00:24:37 (8091 turns).

siradein the Covered (Tengu Fighter)                Turns: 8091, Time: 00:24:38

Health: -14/57     AC: 12    Str: 17    XL:     9   Next: 74%
Magic:  10/10      EV: 10    Int:  9    God:    Gozag
Gold:   434        SH:  6    Dex: 16    Spells: 8/8 levels left

rFire   . . .      SeeInvis .   r - +0 scimitar
rCold   . . .      Faith    .   c - +0 buckler
rNeg    . . .      Spirit   .   q - +0 chain mail
rPois   .          Reflect  .   (helmet restricted)
rElec   .          Harm     .   (no cloak)
rCorr   .          Rampage  .   b - +0 pair of gloves
Will    .....                   (boots unavailable)
Stlth   ..........              (no amulet)
HPRegen 0.19/turn               (no ring)
MPRegen 0.12/turn               (no ring)

@: gold aura, flying quickly and evasively, quick
A: beak, talons 3, nimble flight
a: Renounce Religion, Potion Petition, Call Merchant, Bribe Branch


You were on level 6 of the Dungeon.
You worshipped Gozag.
Gozag was aware of your devotion.
You visited 2 branches of the dungeon, and saw 7 of its levels.
You also visited: Sewer.

You collected 562 gold pieces.
You spent 63 gold pieces at shops.
You paid 65 gold pieces to Gozag.

Inventory:

Hand Weapons
 r - a +0 scimitar (weapon)
Missiles
 l - 42 poisoned darts (quivered)
Armour
 b - a +0 pair of gloves (worn)
 c - a +0 buckler (worn)
 q - a +0 chain mail (worn)
Jewellery
 k - a +6 ring of intelligence
Wands
 o - a wand of iceblast (18)
 t - a wand of paralysis (6)
Scrolls
 d - 6 scrolls of identify {unknown}
 e - 5 scrolls of amnesia {unknown}
 g - a scroll of silence {unknown}
 h - a scroll of immolation {unknown}
 i - a scroll of enchant weapon {unknown}
 m - a scroll of noise {unknown}
 n - a scroll of magic mapping {unknown}
 u - a scroll of fog {unknown}
Potions
 a - 2 potions of flight {unknown}
 f - 4 potions of mutation {unknown}
 j - 3 potions of curing {unknown}
 p - 3 potions of heal wounds {unknown}
 s - a potion of lignification {unknown}


   Skills:
 + Level 7.1 Fighting
 + Level 7.3 Long Blades
 + Level 7.7 Armour
 + Level 2.8 Dodging
 + Level 7.0 Shields


You had 8 spell levels left.
You didn't know any spells.
Your spell library contained the following spells:

 Spells                   Type           Power      Damage    Failure   Level
 Beastly Appendage        Tmut           0%         N/A       99%         1
 Wereblood                Tmut           0%         N/A       100%        2
 Spider Form              Tmut/Pois      0%         N/A       100%        3
 Summon Guardian Golem    Hex/Summ       0%         N/A       100%        3
 Orb of Destruction       Conj           0%         N/A       100%        7
 Spellforged Servitor     Conj/Summ      0%         N/A       100%        7


Dungeon Overview and Level Annotations

Branches:
Dungeon (6/15)             Temple (1/1) D:4           Sewer (visited)

Altars:
Ashenzari
Cheibriados
Gozag
Hepliaklqana
Makhleb
Sif Muna
Wu Jian
Xom
Zin
The Shining One

Shops:
D:3 [

Annotations:
D:3 1 runed translucent door, Crazy Yiuf
D:5 Grinder


Innate Abilities, Weirdness & Mutations

You have a beak for a mouth.
You have claws for feet.
Your magical nature lets you fly swiftly and evasively.


Message History

Prince Ribbit barely misses you.
You hit Prince Ribbit. Your kick misses Prince Ribbit.
Your peck misses Prince Ribbit.
Prince Ribbit is almost dead.
Prince Ribbit mumbles some strange words.
Prince Ribbit looks slightly unstable.
You slash Prince Ribbit!
You kill Prince Ribbit!
Prince Ribbit returns to his original shape as he dies.
Your Shields skill increases to level 7!
You slash the orc!
You kill the orc!
You hit the ogre. You claw the ogre. You peck the ogre, but do no damage.
The ogre is lightly wounded.
The ogre hits you with a +0 giant club!
You slash the ogre! Your kick misses the ogre. You peck the ogre.
The ogre is heavily wounded.
The ogre barely misses you.
You slash the ogre!
The ogre is almost dead.
You hit the two-headed ogre.
You claw the two-headed ogre, but do no damage.
The two-headed ogre is lightly wounded.
You slash the two-headed ogre!
The two-headed ogre is moderately wounded.
The two-headed ogre closely misses you.
The two-headed ogre hits you with a +0 giant club!
* * * LOW HITPOINT WARNING * * *
You hit the two-headed ogre.
The two-headed ogre is moderately wounded.
The two-headed ogre hits you with a +0 giant club!
* * * LOW HITPOINT WARNING * * *
The two-headed ogre closely misses you.
You hit the two-headed ogre but do no damage.
You claw the two-headed ogre, but do no damage.
The two-headed ogre is moderately wounded.
The two-headed ogre completely misses you.
The two-headed ogre hits you with a +0 giant club!
You die...
Your body crumbles into a pile of gold.

#.. ..# #.### #.#
#.#.#####.#
#####.#.......##
#######.....#.#......#
#>...................#
#.#.###.#oO..........#
#.#.# #.#O####)......#
#.#.# #.#@# ##......#
#.#.###.### #......#
#.#.....# #......#
#.##############o#####
#.#######.....##.########
#........................
####.###.###...##.#######
#.#.....#...##..#
#.#..8..#...###.#


You could see a two-headed ogre, an ogre and an orc.

Vanquished Creatures
  Pikel (D:6)
  Prince Ribbit (D:6)
  A vampire (D:6)
  2 sky beasts (D:6)
  2 orc warriors
  3 ogres
  2 phantoms (D:6)
  A centaur (D:5)
  Blork the orc (D:6)
  3 scorpions
  A bullfrog (Sewer)
  A water moccasin zombie (D:6)
  A wyvern zombie (D:5)
  A water moccasin skeleton (D:5)
  A howler monkey (D:5)
  A bullfrog zombie (D:5)
  4 hounds
  A centaur skeleton (D:5)
  An orc priest (D:3)
  2 jellies
  A bullfrog skeleton (D:5)
  An iguana (D:4)
  4 orc wizards
  A scorpion zombie (D:5)
  A hound zombie (D:5)
  A hound skeleton (D:5)
  A river rat (D:4)
  9 adders
  4 worms
  4 dart slugs
  11 orcs
  7 endoplasms
  14 giant cockroaches
  13 goblins
  8 hobgoblins
  13 jackals
  13 kobolds
  6 quokkas
  11 ball pythons
  5 bats
  11 frilled lizards
  11 rats
181 creatures vanquished.

Vanquished Creatures (others)
  4 plants (D:1)
4 creatures vanquished.

Grand Total: 185 creatures vanquished

Notes
Turn   | Place    | Note
-------+----------+-------------------------------------------
     0 | D:1      | siradein the Tengu Fighter began the quest for the Orb.
     0 | D:1      | Reached XP level 1. HP: 14/14 MP: 2/2
    50 | D:1      | Reached XP level 2. HP: 15/19 MP: 3/3
   378 | D:1      | Reached XP level 3. HP: 23/23 MP: 4/4
   400 | D:1      | Found a faded altar of an unknown god.
  1097 | D:2      | Reached XP level 4. HP: 22/28 MP: 5/5
  1361 | D:2      | Noticed an ogre
  2256 | D:2      | Killed an ogre
  2257 | D:2      | Gained mutation: Your magical nature lets you fly swiftly
                  | and evasively. [Tengu growth]
  2257 | D:2      | Reached XP level 5. HP: 33/33 MP: 6/6
  2285 | D:3      | Found Qyxis's Armour Shoppe.
  2301 | D:3      | Reached XP level 6. HP: 17/38 MP: 7/7
  2602 | D:3      | Found a runed translucent door.
  2603 | D:3      | Noticed Crazy Yiuf
  3419 | D:4      | Found a burning altar of Makhleb.
  3419 | D:4      | Found a hazy altar of Hepliaklqana.
  3757 | D:4      | Found a glowing drain.
  3779 | Sewer    | Entered a sewer
  4309 | Sewer    | Reached XP level 7. HP: 42/44 MP: 8/8
  4360 | Sewer    | Reached skill level 5 in Armour
  4902 | D:4      | Reached skill level 5 in Fighting
  5056 | D:4      | Found a staircase to the Ecumenical Temple.
  5075 | Temple   | Entered the Ecumenical Temple
  5115 | Temple   | Became a worshipper of Gozag Ym Sagoz the Greedy
  5166 | D:5      | Entered Level 5 of the Dungeon
  5243 | D:5      | Reached skill level 5 in Shields
  5504 | D:5      | Reached skill level 5 in Long Blades
  5711 | D:5      | Reached XP level 8. HP: 48/49 MP: 9/9
  5780 | D:3      | Bought a +0 pair of gloves for 63 gold pieces
  6601 | D:5      | Noticed Grinder
  6923 | D:6      | Noticed Pikel
  6934 | D:6      | Killed Pikel
  6935 | D:6      | Reached XP level 9. HP: 53/56 MP: 10/10
  7016 | D:6      | Reached skill level 1 in Dodging
  7592 | D:6      | Noticed Blork the orc
  7610 | D:6      | Killed Blork the orc
  8032 | D:6      | Noticed a two-headed ogre
  8077 | D:5      | Noticed Prince Ribbit
  8083 | D:6      | Killed Prince Ribbit
  8090 | D:6      | HP: 2/57 [two-headed ogre (9)]
  8091 | D:6      | Demolished by a two-headed ogre

Illustrated notes

Levels and vault maps discovered:
D:1:      co_arrival_random_square_maze, layout_rooms,
          dreamdust_ecumenical_altar_angels_and_demons, serial_forest,
          infiniplex_forest_lined_2, infiniplex_forest_end_1,
          infiniplex_forest_join, infiniplex_forest_clump_double,
          infiniplex_forest_lined_1, infiniplex_forest_straight_3,
          infiniplex_forest_corner_2
D:2:      minmay_razor_zed, layout_loops_ring
D:3:      layout_rooms, serial_shops, nicolae_shop_trees,
          uniq_crazy_yiuf_cottage
D:4:      layout_cave_pods, chequers_temple_overflow_statue_of_worship,
          lemuel_temple_firewalk_b, portal_sewer_entry_e
D:5:      minmay_octagon_keep, layout_basic, uniq_prince_ribbit1, uniq_grinder
D:6:      layout_basic, minmay_chambers_of_fives, uniq_blork_the_orc, uniq_pikel
Temple:   regret_index_temple_sphere_string

Skill      XL: |  1  2  3  4  5  6  7  8  9 |
---------------+----------------------------+-----
Long Blades    | 3 4 5 6 7 |  7.3
Armour         | 4 5 7 |  7.7
Fighting       | 4 5 6 7 |  7.1
Shields        | 4 5 6 7 |  7.0
Dodging        | 2 |  2.8

Action                   |  1- 3 |  4- 6 |  7- 9 || total
-------------------------+-------+-------+-------++-------
Melee: Long sword        |    86 |   214 |   117 ||   417
       Kick              |    12 |    51 |    81 ||   144
       Peck              |    14 |    33 |    57 ||   104
       Scimitar          |       |       |   123 ||   123
Throw: Dart              |       |     6 |     5 ||    11
  Use: Potion            |       |     1 |       ||     1
 Stab: Distracted        |       |       |     2 ||     2
Armor: Scale mail        |    39 |   124 |     4 ||   167
       Chain mail        |       |       |    98 ||    98
Dodge: Dodged            |    41 |   139 |    79 ||   259
Block: Buckler           |    16 |    72 |    66 ||   154

Table legend: (Time is in decaauts)
 A = Elapsed time spent in this place.
 B = Non-inter-level travel time spent in this place.
 C = Inter-level travel time spent in this place.
 D = Time resting spent in this place.
 E = Time spent auto-exploring this place.
 F = Levels seen in this place.
 G = Mean time per level.
                   A        B        C        D        E       F      G
               +--------+--------+--------+--------+--------+-----+--------+
         Total |   7940 |   7694 |    246 |   1530 |   4271 |   8 |  992.5 |
       Dungeon |   7239 |   7015 |    224 |   1182 |   4084 |   6 | 1206.5 |
        Temple |     59 |     37 |     22 |      0 |     24 |   1 |   59.0 |
         Sewer |    641 |    641 |      0 |    348 |    162 |   1 |  641.0 |
               +--------+--------+--------+--------+--------+-----+--------+

Top non-repeatable levels by time:
     D:6: 1436 daAuts
     D:4: 1211 daAuts
     D:1: 1178 daAuts
     D:5: 1163 daAuts
     D:2: 1140 daAuts
     D:3: 1109 daAuts
   Sewer: 641 daAuts
  Temple: 59 daAuts
